 Dungeon Crawl Stone Soup version 0.25.1-2-g60ff931df9 (webtiles) character file.

Game seed: 115821423421247389

333 HawFromDerth the Chopper (level 6, -7/53 HPs)
             Began as a Hill Orc Fighter on Aug 19, 2020.
             Mangled by an ogre
             ... wielding a +0 giant club
              (29 damage)
             ... on level 4 of the Dungeon on Aug 20, 2020.
             The game lasted 00:15:22 (3909 turns).

HawFromDerth the Chopper (Hill Orc Fighter)         Turns: 3909, Time: 00:15:22

Health: -7/53      AC:  7    Str: 21    XL:     6   Next: 53%
Magic:  6/6        EV:  8    Int:  8    God:
Gold:   151        SH:  9    Dex: 10    Spells: 5/5 levels left

rFire    . . .     SeeInvis .   a - +0 war axe
rCold    . . .     Gourm    .   c - +0 kite shield
rNeg     . . .     Faith    .   b - +0 scale mail
rPois    .         Spirit   .   (no helmet)
rElec    .         Reflect  .   (no cloak)
rCorr    .         Harm     .   (no gloves)
MR       .....                  (no boots)
Stlth    ..........             l - amulet of magic regeneration
HPRegen  0.17/turn              (no ring)
MPRegen  0.35/turn              (no ring)

@: mighty
A: no striking features
a: no special abilities


You were on level 4 of the Dungeon.
You were not hungry.

You visited 1 branch of the dungeon, and saw 4 of its levels.

You collected 151 gold pieces.

Inventory:

Hand Weapons
 a - a +0 war axe (weapon)
Armour
 b - a +0 scale mail (worn)
 c - a +0 kite shield (worn)
Jewellery
 k - an uncursed amulet of regeneration {unknown}
 l - an amulet of magic regeneration (around neck)
 x - an uncursed ring of stealth {unknown}
Wands
 q - a wand of clouds (6)
Scrolls
 g - 4 scrolls of identify
 h - 4 scrolls of remove curse
 j - 3 scrolls of amnesia
 m - a scroll of blinking {unknown}
 n - 3 scrolls of immolation {unknown}
 s - a scroll of enchant armour {unknown}
 t - a scroll of teleportation
 v - a scroll of fear {unknown}
Potions
 e - 4 potions of heal wounds {unknown}
 i - a potion of mutation {unknown}
 o - a potion of haste {unknown}
 p - a potion of stabbing {unknown}
 r - a potion of degeneration {unknown}
 u - a potion of magic {unknown}
Comestibles
 f - 5 rations
 w - 7 chunks of flesh


   Skills:
 + Level 4.5 Fighting
 + Level 6.1 Axes
 + Level 4.5 Armour
 + Level 0.7 Dodging
 + Level 0.1 Stealth
 + Level 4.5 Shields


You had 5 spell levels left.
You didn't know any spells.
Your spell library contained the following spells:

 Spells                   Type           Power        Failure   Level  Hunger
 Corona                   Hex            #......      99%         1    ##.....
 Ensorcelled Hibernation  Hex/Ice        #.....       100%        2    ###....
 Confusing Touch          Hex            #.......     100%        3    ####...
 Dazzling Flash           Conj/Hex       #.....       100%        3    ####...
 Tukima's Dance           Hex            #.......     100%        3    ####...


Dungeon Overview and Level Annotations

Branches:
Dungeon (4/15)             Temple (0/1) D:4

Altars:


Message History

x - a large ruby ring
f - 5 rations (gained 1)
An ogre comes into view. It is wielding a +0 giant club.
The ogre shouts!
You see here an inky potion.
The ogre closely misses you.
You slash the ogre!
The ogre is moderately wounded.
The ogre hits you with a +0 giant club!
You see here an inky potion.
You hit the ogre.
The ogre is severely wounded.
The ogre hits you but does no damage.
You hit the ogre but do no damage.
The ogre is severely wounded.
The ogre hits you with a +0 giant club!
You feel very mighty all of a sudden.
The ogre hits you with a +0 giant club!!
Ouch! That really hurt!
You die...

##........## #..........#
#..........# #..........#
#..........# #
#..........# #
##........## #
#..........# #
#......@...#############
##......O.............)..
#......................))
##..........###+###......
##.......).#.....#......
##......#.#.###.#.#..#.
#####.##.+.+>#.'.##.##
#.####.###.####.##
#.####.....#.....[


You could see an ogre.

Vanquished Creatures
  An orc wizard (D:3)
  A hound (D:4)
  An iguana (D:4)
  Jessica (D:3)
  4 worker ants (D:4)
  A hound skeleton (D:4)
  An adder (D:3)
  An ooze (D:3)
  An adder zombie (D:4)
  An adder skeleton (D:4)
  A worm (D:3)
  3 dart slugs
  11 orcs
  3 ball pythons
  7 bats
  4 giant cockroaches
  6 goblins
  4 hobgoblins
  7 jackals
  A quokka (D:2)
  4 frilled lizards
  8 kobolds
  7 rats
  A plant (D:1)
80 creatures vanquished.

Notes
Turn   | Place    | Note
-------+----------+-------------------------------------------
     0 | D:1      | HawFromDerth the Hill Orc Fighter began the quest for the
                  | Orb.
     0 | D:1      | Reached XP level 1. HP: 19/19 MP: 1/1
   149 | D:1      | Reached XP level 2. HP: 25/27 MP: 2/2
   451 | D:1      | Reached skill level 3 in Axes
   467 | D:1      | Reached XP level 3. HP: 32/33 MP: 3/3
  1756 | D:3      | Noticed Jessica
  1758 | D:3      | Reached XP level 4. HP: 40/40 MP: 4/4
  1762 | D:3      | Killed Jessica
  1762 | D:3      | Reached skill level 4 in Axes
  2390 | D:3      | Reached XP level 5. HP: 22/46 MP: 5/5
  2923 | D:4      | Reached skill level 5 in Axes
  3314 | D:4      | Reached XP level 6. HP: 48/53 MP: 6/6
  3505 | D:4      | Reached skill level 6 in Axes
  3748 | D:4      | Found a staircase to the Ecumenical Temple.
  3909 | D:4      | Mangled by an ogre

Illustrated notes

Levels and vault maps discovered:
D:1:      sevenhm_arrival_forest_fort_large_4, layout_basic
D:2:      layout_basic
D:3:      layout_loops_ring, uniq_jessica
D:4:      layout_rooms, minmay_temple_entry_glassed_door

Skill      XL: |  1  2  3  4  5  6 |
---------------+-------------------+-----
Fighting       | 4 |  4.5
Axes           | 3 4 5 6 |  6.1
Armour         | 4 |  4.5
Shields        | 4 |  4.5
Dodging        | |  0.7
Stealth        | |  0.1

Action                   |  1- 3 |  4- 6 || total
-------------------------+-------+-------++-------
Melee: War axe           |   115 |   128 ||   243
  Use: Scroll            |     3 |       ||     3
       Potion            |       |     1 ||     1
  Eat: Chunk             |     2 |     4 ||     6
       Ration            |       |     1 ||     1
Armor: Scale mail        |    67 |    45 ||   112
Dodge: Dodged            |    41 |    38 ||    79
Block: Kite shield       |    71 |    78 ||   149
